 Dungeon Crawl Stone Soup version 0.30-a0-779-g7971cf19c3 (webtiles) character file.

Game seed: 3242284462441013812

902 cforsyth the Conjurer (level 8, 0/41 HPs)
             Began as a Tengu Fire Elementalist on Feb 17, 2023.
             Succumbed to a water moccasin's poison
             ... on level 6 of the Dungeon.
             The game lasted 00:11:42 (5412 turns).

cforsyth the Conjurer (Tengu Fire Elementalist)     Turns: 5412, Time: 00:11:43

Health: 0/41       AC:  4    Str:  9 (10) XL:     8   Next: 7%
Magic:  8/16       EV: 14    Int: 14 (16) God:
Gold:   174        SH:  0    Dex: 12 (15) Spells: 14/17 levels left

rFire   . . .      SeeInvis .    q - +2 mace (protect)
rCold   . . .      Faith    .    (no shield)
rNeg    . . .      Spirit   .    a - +0 robe
rPois   .          Reflect  .    (helmet restricted)
rElec   .          Harm     .    c - +1 cloak
rCorr   .          Rampage  .    (no gloves)
Will    .....                    (boots unavailable)
Stlth   ++                       (no amulet)
HPRegen 0.26/turn                (no ring)
MPRegen 0.15/turn                (no ring)

@: mighty, lethally poisoned (0 -> -3), flying quickly and evasively, quick
A: beak, talons 3, nimble flight
a: no special abilities


You were on level 6 of the Dungeon.
You visited 1 branch of the dungeon, and saw 7 of its levels.

You collected 226 gold pieces.
You spent 52 gold pieces at shops.

Inventory:

Hand Weapons
 q - a +2 mace of protection (weapon)
Armour
 a - a +0 robe (worn)
 c - a +1 cloak (worn)
Jewellery
 x - a ring of see invisible
Wands
 u - a wand of paralysis (9)
Scrolls
 d - 4 scrolls of identify {unknown}
 g - a scroll of magic mapping {unknown}
 h - a scroll of enchant armour {unknown}
 k - a scroll of amnesia {unknown}
 l - a scroll of fog {unknown}
 m - a scroll of poison {unknown}
 n - a scroll of torment {unknown}
 r - a scroll of brand weapon {unknown}
 y - a scroll of blinking {unknown}
Potions
 b - a potion of magic
 e - 2 potions of degeneration
 f - 2 potions of haste
 i - a potion of lignification {unknown}
 j - a potion of flight
 o - a potion of might
 p - a potion of mutation {unknown}
 s - a potion of berserk rage {unknown}
 t - a potion of attraction {unknown}
 v - a potion of curing {unknown}
 w - 2 potions of brilliance {unknown}


   Skills:
 - Level 2.1 Dodging
 - Level 2.0 Stealth
 + Level 5.0 Spellcasting
 + Level 6.8 Conjurations
 + Level 6.5 Fire Magic


You had 14 spell levels left.
You knew the following spells:

 Your Spells              Type           Power      Damage    Failure   Level
a - Foxfire               Conj/Fire      88%        2x1d8     1%          1
b - Scorch                Fire           42%        2d7       1%          2

Your spell library contained the following spells:

 Spells                   Type           Power      Damage    Failure   Level
 Flame Wave               Conj/Fire      22%        2d8       11%         4
 Inner Flame              Hex/Fire       12%        N/A       14%         3
 Kindle Blastsparks       Fire/Tloc/Air  18%        2d11      22%         3
 Sublimation of Blood     Necr           3%         N/A       26%         2
 Wereblood                Tmut           3%         N/A       26%         2
 Passage of Golubria      Tloc           3%         N/A       86%         4
 Silence                  Hex/Air        1%         N/A       99%         5
 Summon Hydra             Summ           1%         N/A       100%        7
 Lehudib's Crystal Spear  Conj/Erth      6%         10d3      100%        8


Dungeon Overview and Level Annotations

Branches:
Dungeon (7/15)
 Temple: D:4-7

Altars:
Ashenzari
Kikubaaqudgha
Makhleb
Ru
Wu Jian
Zin

Shops:
D:2 *:(*[

Portals:
Sewer: D:5

Annotations:
D:6 Menkaure


Innate Abilities, Weirdness & Mutations

You have a beak for a mouth.
You have claws for feet.
Your magical nature lets you fly swiftly and evasively.


Message History

* * * LOW HITPOINT WARNING * * *
Your Spellcasting skill increases to level 5!
You have reached level 8!
You feel agile.
Unknown command.
You are too injured to fight recklessly!
Casting: Foxfire (safe; 1% risk of failure)
Confirm with . or Enter, or press ? or * to list all spells.
You conjure some foxfire!
* * * LOW HITPOINT WARNING * * *
You feel very sick.
The foxfire hits Menkaure but does no damage.
Menkaure is moderately damaged.
Menkaure calls on the powers of darkness!
Your body is wracked with pain!
* * * LOW HITPOINT WARNING * * *
The foxfire hits Menkaure!
Menkaure is burned terribly!
Menkaure is severely damaged.
* * * LOW HITPOINT WARNING * * *
You feel sick.
The foxfire hits Menkaure but does no damage.
Menkaure is severely damaged.
The foxfire hits Menkaure but does no damage.
Menkaure is severely damaged.
The foxfire hits Menkaure.
Menkaure is burned terribly!
Menkaure is severely damaged.
Unknown command.
It was a potion of degeneration.
There was something very wrong with that liquid.
You feel weakened.
You feel dopey.
You feel clumsy.
* * * LOW HITPOINT WARNING * * *
You feel sick.
Unknown command.
It was a potion of flight.
You feel more buoyant.
* * * LOW HITPOINT WARNING * * *
You feel sick.
It was a potion of might.
You feel very mighty all of a sudden.
You die...

. ... ..
...###. ....#..
##. .......##
... .......###
#.#
.........###..#
#.........#
##@.M...#..
#...>.##
#..##.##
#.###..# #.[#
##.# ...## #..#
.... ##.# ####
.. .M.


You could see Menkaure (fast).

Vanquished Creatures
  2 water moccasins
  A black bear (D:5)
  An ogre (D:3)
  3 phantoms
  A jelly (D:5)
  A hound (D:4)
  Natasha (thrice) (D:3)
  Robin (D:3)
  7 adders
  A worm (D:5)
  2 dart slugs
  6 orcs
  3 endoplasms
  4 giant cockroaches
  14 goblins
  3 hobgoblins
  5 jackals
  3 quokkas
  5 ball pythons
  9 bats
  2 frilled lizards (D:2)
  6 kobolds
  10 rats
93 creatures vanquished.

Vanquished Creatures (others)
  467 foxfires
467 creatures vanquished.

Grand Total: 560 creatures vanquished

Notes
Turn   | Place    | Note
-------+----------+-------------------------------------------
     0 | D:1      | cforsyth the Tengu Fire Elementalist began the quest for
                  | the Orb.
     0 | D:1      | Reached XP level 1. HP: 10/10 MP: 4/4
   264 | D:1      | Reached XP level 2. HP: 12/15 MP: 1/6
  1406 | D:2      | Reached XP level 3. HP: 19/19 MP: 3/7
  1757 | D:2      | Found Regen's General Store.
  1860 | D:2      | Found Ybaunue's Assorted Antiques.
  1984 | D:2      | Bought a scroll labelled POAQE ROKOIZEN for 18 gold pieces
  1984 | D:2      | Bought a scroll labelled ACOAPOGH PEPP for 18 gold pieces
  1984 | D:2      | Bought a fuming silvery potion for 16 gold pieces
  2110 | D:2      | Found Jioharch's Book Emporium.
  2293 | D:2      | Reached XP level 4. HP: 24/24 MP: 7/9
  2348 | D:2      | Found Lyhisi Tihoe's Antique Weapon Boutique.
  2357 | D:2      | Found a glowing silver altar of Zin.
  2621 | D:2      | Found Rompan's Armour Boutique.
  2887 | D:3      | Noticed Natasha
  2895 | D:3      | Killed Natasha
  3098 | D:3      | Noticed Robin
  3111 | D:3      | Killed Robin
  3112 | D:3      | Gained mutation: Your magical nature lets you fly swiftly
                  | and evasively. [Tengu growth]
  3112 | D:3      | Reached XP level 5. HP: 28/28 MP: 3/10
  3328 | D:3      | Noticed Natasha
  3328 | D:3      | Noticed an ogre
  3347 | D:3      | Killed Natasha
  3421 | D:3      | Killed an ogre
  3422 | D:3      | Reached XP level 6. HP: 32/32 MP: 6/12
  3568 | D:3      | Found an ornate altar of the Wu Jian Council.
  3576 | D:3      | Noticed Natasha
  3579 | D:3      | Killed Natasha
  3580 | D:3      | Reached skill level 5 in Fire Magic
  3841 | D:3      | Found a burning altar of Makhleb.
  4003 | D:3      | Found a sacrificial altar of Ru.
  4022 | D:3      | Found a broken altar of Ashenzari.
  4060 | D:4      | Found an ancient bone altar of Kikubaaqudgha.
  4117 | D:4      | Reached skill level 5 in Conjurations
  4669 | D:4      | Reached XP level 7. HP: 36/36 MP: 0/14
  4810 | D:4      | Learned a level 2 spell: Scorch
  4828 | D:5      | Entered Level 5 of the Dungeon
  5262 | D:5      | Found a glowing drain.
  5356 | D:5      | You are sucked into a shaft and drop 2 floors!
  5369 | D:7      | Noticed a steam dragon
  5396 | D:6      | Noticed Menkaure
  5408 | D:6      | Reached skill level 5 in Spellcasting
  5408 | D:6      | Reached XP level 8. HP: 10/41 MP: 9/16
  5411 | D:6      | HP: 1/41 [poisoned by a water moccasin]
  5412 | D:6      | Succumbed to a water moccasin's poison

Illustrated notes

Levels and vault maps discovered:
D:1:      dpeg_arrival_arbitrary_a, layout_loops_ring
D:2:      minmay_razor_zed, layout_loops_ring, serial_shops, shop_fountains,
          nicolae_shop_statue_plus, shop, shop, nicolae_square_shop, basic_altar
D:3:      layout_basic, nicolae_overflow_quartered_altars,
          kennysheep_big_empty_room, uniq_natasha, uniq_robin, uniq_terence
D:4:      layout_basic, mainiacjoe_overflow_swirl, serial_shops,
          nicolae_lakefront_shop, grunt_decor_junction
D:5:      layout_cave_pods, cheibrodos_sewer_entry_bend, serial_bayou_crossing
D:6:      layout_layer_cave, minmay_temple_entry_tees,
          kennysheep_generic_room_12, uniq_menkaure
D:7:      layout_basic, minitemple, minivault_25, serial_bayou_lagoon_a,
          minmay_manual_monstrance

Skill      XL: |  1  2  3  4  5  6  7 |
---------------+----------------------+-----
Conjurations   | 2 3 4 5 6 |  6.8
Fire Magic     | 4 5 6 |  6.5
Spellcasting   | 3 4 5 |  5.0
Dodging        | |  2.1
Stealth        | |  2.0

Action                     |  1- 3 |  4- 6 |  7- 9 || total
---------------------------+-------+-------+-------++-------
  Melee: Unarmed           |     5 |    10 |       ||    15
         Kick              |     2 |     3 |       ||     5
         Mace              |       |     1 |       ||     1
   Cast: Foxfire           |   103 |   129 |    48 ||   280
    Use: Potion            |       |       |     3 ||     3
 Armour: Robe              |     9 |     7 |       ||    16
  Dodge: Dodged            |     9 |    22 |     6 ||    37

Table legend: (Time is in decaauts)
 A = Elapsed time spent in this place.
 B = Non-inter-level travel time spent in this place.
 C = Inter-level travel time spent in this place.
 D = Time resting spent in this place.
 E = Time spent auto-exploring this place.
 F = Levels seen in this place.
 G = Mean time per level.
                   A        B        C        D        E       F      G
               +--------+--------+--------+--------+--------+-----+--------+
         Total |   5305 |   5235 |     70 |      0 |   4457 |   7 |  757.9 |
       Dungeon |   5305 |   5235 |     70 |      0 |   4457 |   7 |  757.9 |
               +--------+--------+--------+--------+--------+-----+--------+

Top non-repeatable levels by time:
     D:2: 1380 daAuts
     D:3: 1329 daAuts
     D:1: 1287 daAuts
     D:4: 749 daAuts
     D:5: 507 daAuts
     D:7: 32 daAuts
     D:6: 18 daAuts
